AoeStats
← SLOW SELINE1975

Nomad

510801186Analyzed
2v2 RM · 1d ago on Oct 2, 2026· 43m 0s· 4 players
Game mode
Random Map
Map size
176×176
Population
200
Speed
Normal
Resources
Standard
Victory
Conquest
Starting age
Dark Age
Ending age
Imperial Age
RankedLock teamsTeams togetherTeam positionsShared explorationLock speedFull tech treeHidden civsTurbo modeCheats
Victory
Defeat
🇧🇷 Portuguese · Brazil
631
+18
🇨🇴 Berbers · Colombia
630
+18
🇦🇷 Cumans · Argentina
705
-20
🇩🇿 Khmer · Algeria
637
-16
Filipones
3:29 Loom
5:41 Loom
15:22 Feudal Age
16:20 Double-Bit Axe
20:00 Gold Mining
24:27 Castle Age
25:15 Wheelbarrow
25:07 Scale Mail Armor
25:57 Bow Saw
27:28 Fletching
29:38 Fishing Lines
30:28 Murder Holes
33:35 Imperial Age
31:06 Bodkin Arrow
31:22 Treadmill Crane
32:28 Stone Mining
33:36 Circumnavigation
34:10 Hand Cart
33:43 Town Watch
36:17 Conscription
36:07 Gillnets
39:50 Chemistry
43:01 Bracer
SLOW SELINE1975
15:35 Feudal Age
19:09 Horse Collar
21:46 Wheelbarrow
21:07 Man-at-Arms
22:13 Double-Bit Axe
22:56 Forging
22:51 Fishing Lines
25:19 Castle Age
24:05 Stone Mining
24:06 Gold Mining
24:08 Arson
27:35 Wheelbarrow
27:25 Pikeman
28:05 Squires
27:26 Long Swordsman
30:53 Iron Casting
30:36 Heavy Plow
31:15 Scale Barding Armor
32:14 Husbandry
33:04 Hand Cart
35:23 Town Watch
35:34 Fletching
36:13 Town Patrol
37:01 Loom
38:39 Gold Shaft Mining
38:40 Stone Shaft Mining
44:16 Imperial Age
41:44 Bodkin Arrow
41:50 Padded Archer Armor
41:50 Scale Mail Armor
42:11 Chain Barding Armor
deva811
8:58 Loom
19:36 Feudal Age
20:04 Double-Bit Axe
20:07 Fishing Lines
24:43 Castle Age
27:12 Gold Mining
29:46 Wheelbarrow
29:20 Town Watch
29:53 Bow Saw
30:00 Gillnets
31:22 Gold Shaft Mining
31:25 Stone Mining
32:58 Horse Collar
34:45 Stone Shaft Mining
38:08 Imperial Age
36:22 Husbandry
37:05 Heavy Plow
39:03 Cavalier
40:24 Heavy Scorpion
41:53 Hand Cart
41:08 Light Cavalry
42:37 Town Patrol
Diego21301
6:53 Loom
20:27 Feudal Age
21:24 Man-at-Arms
33:58 Castle Age
34:14 Wheelbarrow
39:23 Double-Bit Axe
Connection lost

Rejoining the realm…

Still unreachable

The connection could not be restored.

Session expired

The server has moved on; the page needs a fresh start.